 Dungeon Crawl Stone Soup version 0.31-a0-627-gd65175cf8b (webtiles) character file.

Game seed: 4243080080416850709

28 Essalna the Conjurer (level 3, -5/20 HPs)
             Began as a Deep Elf Conjurer on Aug 25, 2023.
             Killed by divine providence
             ... invoked by an orc priest
              (13 damage)
             ... on level 3 of the Dungeon.
             The game lasted 00:02:32 (925 turns).

Essalna the Conjurer (Deep Elf Conjurer)             Turns: 925, Time: 00:02:33

Health: -5/20      AC:  5    Str:  4    XL:     3   Next: 0%
Magic:  3/9        EV: 12    Int: 24    God:
Gold:   25         SH:  0    Dex: 13    Spells: 7/8 levels left

rFire   . . .        (no weapon)
rCold   . . .        (no shield)
rNeg    . . .        a - +0 robe
rPois   .            (no helmet)
rElec   .            (no cloak)
rCorr   .            c - +2 pair of gloves
SInv    .            (no boots)
Will    .....        (no amulet)
Stlth   ++           (no ring)
HPRegen 0.23/turn    (no ring)
MPRegen 0.11/turn

%: no passive effects
@: no status effects
A: no striking features
a: no special abilities


You were on level 3 of the Dungeon.
You visited 1 branch of the dungeon, and saw 3 of its levels.

You collected 25 gold pieces.

Inventory:

Armour
 a - a +0 robe (worn)
 c - a +2 pair of gloves (worn)
Scrolls
 d - 2 scrolls of fear {unknown}
Potions
 b - 2 potions of magic
 e - a potion of curing {unknown}


   Skills:
 + Level 1.4 Fighting
 - Level 2.4 Dodging
 - Level 2.4 Stealth
 - Level 3.0 Spellcasting
 + Level 5.0 Conjurations


You had 7 spell levels left.
You knew the following spells:

 Your Spells              Type           Power      Damage    Failure   Level
a - Magic Dart            Conj           100%       1d8       1%          1

Your spell library contained the following spells:

 Spells                   Type           Power      Damage    Failure   Level
 Searing Ray              Conj           54%        2d6       1%          2
 Necrotise                Necr           12%        1d4       11%         1
 Dazzling Flash           Conj/Hex       30%        N/A       12%         3
 Vampiric Draining        Necr           3%         2d6       32%         3
 Fulminant Prism          Conj/Hex       7%         3d7       36%         4
 Iskenderun's Mystic Bla  Conj/Tloc      15%        2d5       36%         4
 Agony                    Necr           3%         N/A       96%         5


Dungeon Overview and Level Annotations

Branches:
Dungeon (3/15)

Altars:
Ashenzari


Message History

Things that are here:
a +0 club; a goblin corpse You see here a ball python corpse.
Found a robe.
A kobold and an orc priest come into view.
Found an embroidered robe, a dark potion and 7 stones.
Found a broken altar of Ashenzari.
The kobold shouts!
The magic dart hits the kobold.
You kill the kobold!
Your Conjurations skill increases to level 5!
You have reached level 3!
Your experience leads to an increase in your attributes!
Increase (S)trength, (I)ntelligence, or (D)exterity?
You feel clever. x2
The magic dart hits the orc priest but does no damage.
The magic dart hits the orc priest.
The orc priest is lightly wounded.
The orc priest mumbles some strange prayers to Beogh against you.
Beogh smites you!
Ouch! That really hurt!
You are too injured to fight recklessly!
Casting: Magic Dart (safe; 1% risk of failure)
Confirm with . or Enter, or press ? or * to list all spells.
Aiming: Magic Dart (safe; 1% risk of failure)
Press: ? - help, Shift-Dir - straight line, f/p - orc priest
Aim: an orc priest, wielding a +0 mace and wearing a +0 ring mail (lightly wounded, 100% to hit)
The magic dart hits the orc priest.
The orc priest is heavily wounded.
Casting: Magic Dart (safe; 1% risk of failure)
Confirm with . or Enter, or press ? or * to list all spells.
Aiming: Magic Dart (safe; 1% risk of failure)
Press: ? - help, Shift-Dir - straight line, f/p - orc priest
Aim: an orc priest, wielding a +0 mace and wearing a +0 ring mail (heavily wounded, 100% to hit)
The magic dart hits the orc priest.
The orc priest is almost dead.
The orc priest calls down the wrath of Beogh upon you.
Beogh smites you!
Ouch! That really hurt!
You die...

#.##########.#......P~##
#.# #.#.....P~.~# #.#
#.#.....~~~.# #.#
#.###.†.P♣~~[...KPK
####.# #.#
#....P~P#####.~ .....#
#.# #.#.P~≈P.# ####.#
#.# #...~P♣~.PP # ###
###.####...P~♣PPPP #
#...@# #.#..♣♣~PPPP #
###.o# #.##~~ ≈♣P♣♣ #
#..# # .._#.....[..# #
..#####..[#.# ## .8#
...... # ..$....
!.)....## ........


You could see an orc priest.

Vanquished Creatures
  An adder (D:3)
  4 endoplasms
  3 goblins
  3 hobgoblins
  A ball python (D:3)
  2 frilled lizards (D:1)
  2 kobolds
  2 rats (D:1)
18 creatures vanquished.

Notes
Turn   | Place    | Note
-------+----------+-------------------------------------------
     0 | D:1      | Essalna the Deep Elf Conjurer began the quest for the Orb.
     0 | D:1      | Reached XP level 1. HP: 10/10 MP: 6/6
   305 | D:2      | Reached XP level 2. HP: 16/16 MP: 5/8
   592 | D:2      | Reached skill level 1 in Fighting
   918 | D:3      | Found a broken altar of Ashenzari.
   922 | D:3      | Reached skill level 5 in Conjurations
   922 | D:3      | Reached XP level 3. HP: 20/20 MP: 7/9
   925 | D:3      | Killed from afar by an orc priest

Illustrated notes

Levels and vault maps discovered:
D:1:      sevenhm_arrival_forest_fort_small_6, layout_rooms, minmay_pentomino_t2
D:2:      layout_loops_ring, serial_bayou, serial_bayou_shore_b,
          serial_bayou_shore_b, serial_bayou_lake_a, serial_bayou_lagoon_b,
          minmay_quantized
D:3:      layout_loops_ring, nicolae_overflow_hidden_temple,
          nicolae_ru_sacrificial_ziggurat, serial_bayou, serial_bayou_pond_d,
          serial_bayou_shore_b, serial_bayou_shore_b, serial_bayou_lagoon_a

Skill      XL: |  1  2 |
---------------+-------+-----
Fighting       | 1 |  1.4
Conjurations   | 5 |  5.0
Dodging        | |  2.4
Stealth        | |  2.4
Spellcasting   | |  3.0

Action                     || total
---------------------------++-------
   Cast: Magic Dart        ||    54
 Armour: Robe              ||     3
  Dodge: Dodged            ||     1

Table legend: (Time is in decaauts)
 A = Elapsed time spent in this place.
 B = Non-inter-level travel time spent in this place.
 C = Inter-level travel time spent in this place.
 D = Time resting spent in this place.
 E = Time spent auto-exploring this place.
 F = Levels seen in this place.
 G = Mean time per level.
                   A        B        C        D        E       F      G
               +--------+--------+--------+--------+--------+-----+--------+
         Total |    955 |    937 |     18 |      0 |    690 |   3 |  318.3 |
       Dungeon |    955 |    937 |     18 |      0 |    690 |   3 |  318.3 |
               +--------+--------+--------+--------+--------+-----+--------+

Top non-repeatable levels by time:
     D:2: 525 daAuts
     D:3: 220 daAuts
     D:1: 210 daAuts
